 Dungeon Crawl Stone Soup version 0.28.0-53-g5a82cb258f (webtiles) character file.

Game seed: 12388732366305505895

1368 Tirrikindir the Ruffian (level 8, -4/79 HPs)
             Began as a Troll Fighter on Aug 5, 2022.
             Was a Priest of Ru.
             Slain by a gnoll
             ... wielding a +0 halberd
              (11 damage)
             ... on level 6 of the Dungeon.
             The game lasted 00:11:53 (3949 turns).

Tirrikindir the Ruffian (Troll Fighter)             Turns: 3949, Time: 00:11:53

Health: -4/79      AC:  4    Str: 25    XL:     8   Next: 38%
Magic:  7/7        EV:  9    Int:  4    God:    Ru [***...]
Gold:   307        SH:  9    Dex: 11    Spells: 7/7 levels left

rFire   + . .      SeeInvis .     - Unarmed
rCold   . . .      Faith    .   b - +1 kite shield
rNeg    . . .      Spirit   .   a - +0 robe
rPois   .          Reflect  .   (helmet restricted)
rElec   .          Harm     .   (no cloak)
rCorr   .          Rampage  .   (gloves unavailable)
Will    .....                   (boots unavailable)
Stlth   ++........              (no amulet)
HPRegen 1.03/turn               t - ring of protection from fire
MPRegen 0.10/turn               u - ring of willpower

@: mighty
A: large, unfitting armour, claws 3, regeneration 1, shaggy fur 1, tough skin 1,
no ice magic, no necromancy magic, no transmutations magic, weak-willed 1
a: Renounce Religion, Draw Out Power


You were on level 6 of the Dungeon.
You worshipped Ru.
Ru was most pleased with you.
You visited 1 branch of the dungeon, and saw 6 of its levels.
You also visited: Sewer.

You collected 307 gold pieces.

Inventory:

Hand Weapons
 i - a +1 mace
 y - a +0 giant spiked club
Missiles
 w - 5 poisoned darts (quivered)
Armour
 a - a +0 robe (worn)
 b - a +1 kite shield (worn)
Jewellery
 t - a ring of protection from fire (left claw)
 u - a ring of willpower (right claw)
Scrolls
 d - a scroll of teleportation
 e - 2 scrolls of enchant armour
 k - a scroll of fear
 m - a scroll of fog
 n - a scroll of summoning
 o - a scroll of immolation
 p - a scroll of amnesia
 r - a scroll of silence {unknown}
 x - a scroll of holy word {unknown}
Potions
 f - 2 potions of resistance
 g - 3 potions of flight
 h - 3 potions of curing
 j - 2 potions of heal wounds {unknown}
 l - 2 potions of degeneration {unknown}
 q - a potion of lignification {unknown}
 v - a potion of ambrosia {unknown}


   Skills:
 + Level 4.3 Fighting
 - Level 4.0 Dodging
 + Level 2.5 Stealth
 - Level 4.0 Shields
 * Level 6.5 Unarmed Combat


You had 7 spell levels left.
You didn't know any spells.
Your spell library contained the following spells:

 Spells                   Type           Power      Damage    Failure   Level
 Sublimation of Blood     Necr           Unusable   N/A       N/A         2
 Petrify                  Tmut/Erth      Unusable   N/A       N/A         4
 Irradiate                Conj/Tmut      Unusable   3d14      N/A         5

Dungeon Overview and Level Annotations

Branches:
Dungeon (6/15)              Sewer (visited)
 Temple: D:4-7

Altars:
Cheibriados
Hepliaklqana
Ru
Wu Jian
Beogh

Annotations:
D:5 3 runed translucent doors, Underfrisk's ghost, novice NaTm


Innate Abilities, Weirdness & Mutations

You are too large for most types of armour.
You have claws for hands.
Your natural rate of healing is unusually fast.
You are covered in fur. (AC +1)
You have tough skin. (AC +1)
You cannot study or cast Ice magic.
You cannot study or cast Necromancy magic.
You cannot study or cast Transmutations magic.
You are slightly weak-willed. (Will-)


Message History

The orc warrior is heavily wounded.
The orc warrior is stunned by your conviction and fails to attack.
You barely miss the orc warrior.
The orc warrior is heavily wounded.
You block the orc warrior's attack.
You scratch the orc warrior but do no damage.
The orc warrior is heavily wounded.
The orc warrior hits you with a +0 dire flail!
You closely miss the orc warrior.
The orc warrior is heavily wounded.
You block the orc warrior's attack.
The gnoll shaman begins to pray, but is stunned by your conviction!
You claw the orc warrior!
The orc warrior is almost dead.
The orc warrior hits you with a +0 dire flail!!
* * * LOW HITPOINT WARNING * * *
You feel very mighty all of a sudden. You block the orc warrior's attack.
You scratch the orc warrior.
You kill the orc warrior!
You block the bullfrog's attack.
You mangle the bullfrog!!
You kill the bullfrog!
You barely miss the gnoll shaman.
The gnoll shaman calls upon its god to speed up the gnoll.
The gnoll seems to speed up.
The gnoll hits you from afar with a +0 halberd.
* * * LOW HITPOINT WARNING * * *
You completely miss the gnoll shaman. You block the gnoll's attack.
The gnoll shaman closely misses you.
You barely miss the gnoll shaman.
The gnoll hits you from afar with a +0 halberd.
* * * LOW HITPOINT WARNING * * *
The gnoll shaman hits you with a +0 whip.
* * * LOW HITPOINT WARNING * * *
The gnoll hits you from afar with a +0 halberd!
* * * LOW HITPOINT WARNING * * *
You feel better.
The gnoll hits you from afar with a +0 halberd!
You die...

#......# ##......+
###.......#
##.........#
##...#......# .
##...####..... #..
####...######....
#..###gggg.).....#####
#...@###..........
##.####........##. #.
##............# #
#..............
#....g.........
#......g.....(..
#.?.............
#..........#.#.
##.........._..


You could see a gnoll shaman and 3 gnolls.

Vanquished Creatures
  Menkaure (D:5)
  A black bear (D:4)
  An ice beast (D:5)
  An orc warrior (D:6)
  3 ogres
  A necrophage (D:4)
  A bullfrog (D:6)
  A centaur zombie (D:5)
  2 hounds
  3 jellies (D:5)
  A bullfrog skeleton (D:4)
  3 iguanas (D:5)
  A hell rat (Sewer)
  Terence (D:3)
  A hound zombie (D:5)
  A hound skeleton (D:4)
  A mummy (D:5)
  4 adders
  A gnoll (D:6)
  A howler monkey skeleton (D:5)
  5 river rats (Sewer)
  2 ufetubi
  4 dart slugs
  7 bats
  2 endoplasms
  5 giant cockroaches
  4 goblins
  6 hobgoblins
  5 jackals
  3 kobolds
  4 quokkas
  7 ball pythons
  A frilled lizard (D:2)
  8 rats
93 creatures vanquished.

Vanquished Creatures (others)
  An iguana (D:4)
1 creature vanquished.

Grand Total: 94 creatures vanquished

Notes
Turn   | Place    | Note
-------+----------+-------------------------------------------
     0 | D:1      | Tirrikindir the Troll Fighter began the quest for the Orb.
     0 | D:1      | Reached XP level 1. HP: 22/22 MP: 0/0
   177 | D:1      | Reached XP level 2. HP: 29/29 MP: 1/1
   278 | D:1      | Found a faded altar of an unknown god.
   288 | D:1      | Prayed at the altar of an unknown god.
   288 | D:1      | Became a worshipper of Ru the Awakened
   293 | D:1      | Gained mutation: You are slightly weak-willed. (Will-) [Ru
                  | sacrifice]
   293 | D:1      | Reached * piety under Ru
   293 | D:1      | Reached ** piety under Ru
   435 | D:1      | Reached XP level 3. HP: 36/36 MP: 2/2
  1587 | D:3      | Found a sacrificial altar of Ru.
  1669 | D:3      | Found a hazy altar of Hepliaklqana.
  1728 | D:3      | Noticed Terence
  1743 | D:3      | Killed Terence
  1744 | D:3      | Reached skill level 3 in Unarmed Combat
  1744 | D:3      | Reached XP level 4. HP: 31/44 MP: 3/3
  2182 | D:4      | Reached XP level 5. HP: 50/53 MP: 4/4
  2215 | D:4      | Found a glowing drain.
  2233 | Sewer    | Entered a sewer
  2245 | Sewer    | Reached skill level 1 in Stealth
  2278 | Sewer    | Gained mutation: You cannot study or cast Ice magic. [Ru
                  | sacrifice]
  2278 | Sewer    | Gained mutation: You cannot study or cast Transmutations
                  | magic. [Ru sacrifice]
  2278 | Sewer    | Gained mutation: You cannot study or cast Necromancy magic.
                  | [Ru sacrifice]
  2278 | Sewer    | Reached *** piety under Ru
  2529 | D:4      | Noticed a necrophage
  2539 | D:4      | Killed a necrophage
  2540 | D:4      | Reached skill level 4 in Unarmed Combat
  2540 | D:4      | Reached XP level 6. HP: 53/61 MP: 5/5
  2625 | D:4      | Reached XP level 7. HP: 67/67 MP: 6/6
  2850 | D:5      | Entered Level 5 of the Dungeon
  2932 | D:5      | Reached skill level 5 in Unarmed Combat
  2951 | D:5      | Noticed Menkaure
  2957 | D:5      | Killed Menkaure
  3109 | D:5      | Found a snail-covered altar of Cheibriados.
  3119 | D:5      | Reached XP level 8. HP: 78/78 MP: 7/7
  3475 | D:5      | Reached skill level 6 in Unarmed Combat
  3675 | D:5      | Found a runed translucent gate.
  3676 | D:5      | Found a runed translucent gate.
  3676 | D:5      | Noticed Underfrisk's ghost (novice NaTm)
  3677 | D:5      | Found a runed translucent gate.
  3920 | D:6      | Found an ornate altar of the Wu Jian Council.
  3948 | D:6      | HP: 1/79 [gnoll/+0 halberd (11)]
  3949 | D:6      | Slain by a gnoll

Illustrated notes

Levels and vault maps discovered:
D:1:      minmay_arrival_four_loops, layout_loops_cross,
          ebering_ecumenical_altar_hall
D:2:      layout_loops_corners
D:3:      layout_loops_ring, nicolae_ru_sacrificial_ziggurat,
          mainiacjoe_overflow_boulevard, uniq_terence
D:4:      minmay_bubble_buster, layout_rooms, cheibrodos_sewer_entry_drain,
          ebering_dispersal_statue_hall, minmay_misc_feat_roman
D:5:      layout_loops_ring, slow_altar_1, biasface_ghost_orc_armoury,
          uniq_menkaure
D:6:      layout_cave_pods, xom_confusion_cloud, mainiacjoe_overflow_catwalk,
          lightli_temple_of_fire, lemuel_crystal_altar,
          minmay_temple_entry_hall, grunt_ministairs_14, chequers_arboretum,
          hangedman_decor_clover_reticule

Skill      XL: |  1  2  3  4  5  6  7  8 |
---------------+-------------------------+-----
Unarmed Combat | 3 4 5 6 |  6.5
Fighting       | 3 4 |  4.3
Shields        | 3 4 |  4.0
Stealth        | 1 2 |  2.5
Dodging        | 3 4 |  4.0

Action                   |  1- 3 |  4- 6 |  7- 9 || total
-------------------------+-------+-------+-------++-------
Melee: Unarmed           |    93 |   113 |    85 ||   291
Invok: Sacrifice Essence |     1 |       |       ||     1
       Sacrifice Arcana  |       |     1 |       ||     1
  Use: Scroll            |     8 |     4 |     1 ||    13
       Potion            |       |       |     3 ||     3
 Stab: Sleeping          |       |     1 |     1 ||     2
Armor: Robe              |    37 |    25 |    13 ||    75
Dodge: Dodged            |    32 |    54 |    20 ||   106
Block: Kite shield       |    37 |    52 |    34 ||   123
